[Event "TUR-chT Superleague 2018"]
[Site "Ankara"]
[Date "2018.07.26"]
[Round "2"]
[White "Celik, Eda"]
[Black "Shuvalova, Polina"]
[Result "0-1"]
[ECO "B23"]
[WhiteElo "1864"]
[BlackElo "2417"]
[Annotator "NA RC"]
[PlyCount "102"]
[EventDate "2018.07.25"]
[EventType "team-tourn"]
[EventCountry "TUR"]
[SourceTitle "playchess.com"]
[Source "ChessBase"]
[SourceQuality "1"]
[TimeControl "40/5400+30:1800+30"]

1. e4 c5 2. Nc3 d6 3. f4 Nc6 4. Nf3 g6 5. Bc4 Bg7 6. d3 e6 7. a3 Nge7 8. Ba2 O-O 9. O-O Rb8 10. Ne2 d5 11. c3 b5 12. e5 a5 13. d4 c4 14. Bb1 b4 15. g4 Bd7 16. Ng3 f6 17. exf6 Bxf6 18. Ne5 Bg7 19. axb4 axb4 20. Qe2 Nxe5 21. fxe5 Rxf1+ 22. Qxf1 Nc6 23. Qh3 Ra8 24. Rxa8 Qxa8 25. Bc2 Qa1 26. Ne2 bxc3 27. bxc3 Qa2 28. Bd1 Qb1 29. Kf2 Bf8 30. Qe3 Be7 31. Ba4 Bh4+ 32. Kg2 Qa2 33. Bxc6 Bxc6 34. Qd2 Qb1 35. Qf4 Qc2 36. Qf3 Be7 37. Bh6 g5 38. Kg1 Qb1+ 39. Kf2 Qg6 40. Qh3 Be8 41. Kg2 Qd3 42. Qf3 Ba4 43. Ng1 Qc2+ 44. Ne2 Qg6 45. Qh3 Bd1 46. Kf1 Qe4 47. Ng3 Bxg4 48. Qg2 Qd3+ 49. Kg1 Qxc3 50. Qf2 Bh3 51. Qa2 Qe1+ 0-1

[Event "TUR-chT Superleague 2018"]
[Site "Ankara"]
[Date "2018.07.26"]
[Round "2"]
[White "Can, Isil"]
[Black "Yorgun, Yaren Naz"]
[Result "1-0"]
[ECO "B07"]
[WhiteElo "1862"]
[BlackElo "1737"]
[Annotator "NA"]
[PlyCount "191"]
[EventDate "2018.07.25"]
[EventType "team-tourn"]
[EventCountry "TUR"]
[SourceTitle "playchess.com"]
[Source "ChessBase"]
[SourceQuality "1"]
[TimeControl "40/5400+30:1800+30"]

1. e4 g6 2. d4 Bg7 3. Nf3 d6 4. c3 Nf6 5. Bd3 O-O 6. O-O Nbd7 7. Bg5 h6 8. Bh4 e5 9. Na3 g5 10. Bg3 Nh5 11. Nxe5 Nxe5 12. dxe5 Nxg3 13. hxg3 dxe5 14. g4 Qf6 15. Qe2 Rd8 16. Rad1 Qf4 17. f3 h5 18. gxh5 g4 19. Qd2 Qxd2 20. Rxd2 Bh6 21. Rdd1 gxf3 22. gxf3 Be3+ 23. Kg2 Kh7 24. Rh1 Rg8+ 25. Kf1 Rg3 26. Ke2 Bc5 27. Bc4 Bh3 28. Bxf7 Rg2+ 29. Kd3 Rg3 30. Bg6+ Kh8 31. Nc4 Rxf3+ 32. Kc2 Rf2+ 33. Kb1 Bg4 34. Rd5 b6 35. Rxe5 Be2 36. Na3 Bxa3 37. bxa3 Bd3+ 38. Ka1 Bc4 39. Rd1 Rxa2+ 40. Kb1 Rf8 41. Re7 Rxa3 42. Bf5 Bg8 43. Rxc7 a5 44. Rd6 Bf7 45. Rxb6 a4 46. Rbb7 Rb3+ 47. Rxb3 axb3 48. h6 Bg8 49. h7 Bf7 50. Kb2 Kg7 51. c4 Kh8 52. Kxb3 Bg6 53. Rc5 Bxf5 54. Rxf5 Re8 55. e5 Kxh7 56. Kc3 Kg6 57. Rf6+ Kg7 58. Kd4 Rd8+ 59. Rd6 Rc8 60. c5 Kf7 61. Kd5 Ke7 62. c6 Ra8 63. Rd7+ Ke8 64. Kd6 Ra1 65. e6 Rd1+ 66. Kc7 Re1 67. e7 Ra1 68. Kb8 Rc1 69. Rc7 Rc2 70. Kb7 Rb2+ 71. Ka8 Rc2 72. Kb7 Rb2+ 73. Kc8 Rc2 74. Kb8 Rc1 75. Ka7 Ra1+ 76. Kb6 Rb1+ 77. Ka5 Ra1+ 78. Kb4 Rb1+ 79. Ka3 Rc1 80. Kb2 Rc5 81. Kb3 Rc1 82. Kb4 Rb1+ 83. Kc5 Rc1+ 84. Kb6 Rb1+ 85. Ka7 Ra1+ 86. Kb8 Rc1 87. Rc8+ Kxe7 88. Kc7 Rc2 89. Rh8 Ke6 90. Rh6+ Ke7 91. Kc8 Rc1 92. c7 Rb1 93. Rh7+ Ke8 94. Rh4 Ke7 95. Re4+ Kf6 96. Kd7 1-0

[Event "TUR-chT Superleague 2018"]
[Site "Ankara"]
[Date "2018.07.26"]
[Round "2"]
[White "Ayan, Bengu Sena"]
[Black "Keskin, Elif"]
[Result "1-0"]
[ECO "D70"]
[WhiteElo "1787"]
[BlackElo "1719"]
[Annotator "NA"]
[PlyCount "143"]
[EventDate "2018.07.25"]
[EventType "team-tourn"]
[EventCountry "TUR"]
[SourceTitle "playchess.com"]
[Source "ChessBase"]
[SourceQuality "1"]
[TimeControl "40/5400+30:1800+30"]

1. d4 Nf6 2. c4 g6 3. f3 d5 4. cxd5 Nxd5 5. e4 Nb6 6. Nc3 Bg7 7. Be3 O-O 8. Qd2 e5 9. d5 c6 10. d6 Be6 11. O-O-O N8d7 12. g4 Nf6 13. Bh6 Qd7 14. h4 Rad8 15. h5 Nc8 16. Bxg7 Kxg7 17. Qg5 h6 18. Qxe5 g5 19. Qg3 Rfe8 20. Be2 b5 21. Kb1 Nb6 22. e5 Nfd5 23. Ne4 Na4 24. Nf6 Nxf6 25. exf6+ Kxf6 26. f4 gxf4 27. Qxf4+ Kg7 28. g5 Bf5+ 29. Ka1 hxg5 30. Qxg5+ Kh7 31. h6 Rg8 32. Qf4 Qe6 33. Nf3 Qf6 34. Rd2 Rg4 35. Qe5 Qe6 36. Qh2 Qf6 37. Qe5 Qe6 38. Qxe6 Bxe6 39. Ne5 Rg5 40. Nxc6 Rd7 41. Bf3 Nb6 42. b3 Nd5 43. Rhd1 Nc3 44. Rc1 Nd5 45. Nd4 Rxd6 46. Nxb5 Rd7 47. Nd4 Kxh6 48. Nxe6 fxe6 49. Rc6 Re5 50. Bxd5 Rdxd5 51. Rxd5 Rxd5 52. Rxe6+ Kg5 53. Re7 Ra5 54. Kb2 Kf6 55. Re2 Rb5 56. Kc3 a5 57. a3 Rc5+ 58. Kd4 Rc8 59. Re3 Kf7 60. Re5 Ra8 61. Kc4 Kf6 62. Re3 Rb8 63. b4 axb4 64. axb4 Rc8+ 65. Kb5 Rb8+ 66. Kc5 Rc8+ 67. Kd6 Rb8 68. Rf3+ Kg7 69. Rb3 Kf8 70. b5 Ke8 71. Kc7 Rd8 72. Re3+ 1-0

[Event "TUR-chT Superleague 2018"]
[Site "Ankara"]
[Date "2018.07.26"]
[Round "2"]
[White "Sahin, Hayrun Nisa"]
[Black "Onur, Cigdem"]
[Result "0-1"]
[ECO "B30"]
[WhiteElo "1736"]
[BlackElo "1750"]
[Annotator "NA"]
[PlyCount "190"]
[EventDate "2018.07.25"]
[EventType "team-tourn"]
[EventCountry "TUR"]
[SourceTitle "playchess.com"]
[Source "ChessBase"]
[SourceQuality "1"]
[TimeControl "40/5400+30:1800+30"]

1. e4 c5 2. Nf3 Nc6 3. Bb5 e6 4. O-O Nge7 5. Re1 Nd4 6. Nxd4 cxd4 7. c3 a6 8. Bf1 Nc6 9. d3 Bc5 10. c4 O-O 11. Nd2 e5 12. g3 d6 13. Bg2 Be6 14. a3 a5 15. f4 exf4 16. gxf4 f5 17. e5 dxe5 18. Bxc6 bxc6 19. Rxe5 Qe7 20. Nf3 Bd6 21. Re1 Qf6 22. Bd2 Rae8 23. b4 axb4 24. axb4 Bf7 25. Rxe8 Rxe8 26. Qf1 Bh5 27. Qf2 Qg6+ 28. Kh1 c5 29. b5 Qg4 30. Ng1 Qg6 31. Ra6 Qe6 32. Ra1 Qf7 33. Qg2 h6 34. Ra6 Bb8 35. Rxh6 Bg4 36. Rb6 Qh5 37. h3 Bc7 38. Rc6 Bb8 39. b6 Kh7 40. b7 Re2 41. Rc8 Rxg2 42. Kxg2 Bxh3+ 43. Nxh3 Qg4+ 44. Kf2 Qxh3 45. Rxb8 Qh2+ 46. Ke1 Qh1+ 47. Ke2 Qb1 48. Rc8 Qxb7 49. Rxc5 Qg2+ 50. Kd1 Kg6 51. Rd5 Qg1+ 52. Kc2 Qf2 53. Ra5 Qe2 54. Re5 Qf2 55. Rb5 Qe2 56. Re5 Qf2 57. Ra5 Kf6 58. Rb5 Ke6 59. Re5+ Kf6 60. Rb5 g6 61. Ra5 Kg7 62. Rb5 Kh6 63. Ra5 Kh5 64. Rb5 Kg4 65. Rb6 Kh5 66. Rb5 Qg2 67. Rd5 Qf2 68. Rb5 Kg4 69. Rb6 Kh5 70. Rb5 Qg1 71. Rd5 Kg4 72. Rb5 Kf3 73. Re5 Qa1 74. Ra5 Qg1 75. Re5 Qf2 76. Re6 Qg2 77. Re5 Qg1 78. Re1 Qg2 79. Re5 Qg4 80. c5 Qh5 81. c6 Qh7 82. Ba5 Qf7 83. Kb2 Kxf4 84. Rc5 Qa7 85. Rd5 Qb8+ 86. Kc2 Qa8 87. Rc5 Qa7 88. Rd5 Qa8 89. Rc5 Qa7 90. Rd5 Qf7 91. Rxd4+ Ke3 92. Rc4 Qd5 93. Bd2+ Ke2 94. Kb3 Kxd3 95. c7 Qxc4+ 0-1

[Event "TUR-chT Superleague 2018"]
[Site "Ankara"]
[Date "2018.07.26"]
[Round "2"]
[White "Aluc, Bulut Evrim"]
[Black "Aydin, Gulenay"]
[Result "1-0"]
[ECO "A68"]
[WhiteElo "1677"]
[BlackElo "1732"]
[Annotator "NA"]
[PlyCount "85"]
[EventDate "2018.07.25"]
[EventType "team-tourn"]
[EventCountry "TUR"]
[SourceTitle "playchess.com"]
[Source "ChessBase"]
[SourceQuality "1"]
[TimeControl "40/5400+30:1800+30"]

1. d4 Nf6 2. c4 g6 3. Nc3 Bg7 4. e4 d6 5. f4 O-O 6. Nf3 c5 7. d5 e6 8. Be2 exd5 9. cxd5 Bg4 10. O-O Nbd7 11. h3 Bxf3 12. Bxf3 Re8 13. Re1 a6 14. a4 c4 15. Be3 Qa5 16. Kh1 Nc5 17. Bxc5 Qxc5 18. e5 dxe5 19. fxe5 Nd7 20. e6 Ne5 21. Ne4 Qb4 22. Ng5 f6 23. Rxe5 fxg5 24. Rxg5 Rad8 25. Qc2 Qxb2 26. Qxb2 Bxb2 27. Rb1 c3 28. Be4 b5 29. axb5 axb5 30. Bc2 Re7 31. Rd1 Rd6 32. Re5 b4 33. Re2 Ba3 34. Bb3 Bb2 35. Kg1 Kf8 36. Rf1+ Kg8 37. Ref2 Re8 38. Rf7 c2 39. Bxc2 Rxd5 40. e7 Bd4+ 41. Kh1 Rf5 42. R1xf5 gxf5 43. Bb3 1-0

[Event "TUR-chT Superleague 2018"]
[Site "Ankara"]
[Date "2018.07.27"]
[Round "3"]
[White "Solak, Dragan"]
[Black "Eren, Ataberk"]
[Result "1-0"]
[ECO "D46"]
[WhiteElo "2603"]
[BlackElo "2195"]
[Annotator "ChessBase"]
[PlyCount "59"]
[EventDate "2018.07.25"]
[EventType "team-tourn"]
[EventCountry "TUR"]
[SourceTitle "playchess.com"]
[Source "ChessBase"]
[SourceQuality "1"]
[TimeControl "40/5400+30:1800+30"]

1. c4 c6 2. Nf3 Nf6 3. Nc3 d5 4. e3 e6 5. d4 Nbd7 6. Qc2 Bd6 7. Bd3 O-O 8. O-O dxc4 9. Bxc4 e5 10. Bb3 Qe7 11. h3 b6 12. Rd1 Bb7 13. e4 Rad8 14. Bg5 Bb8 15. d5 h6 16. Bh4 Nc5 17. Bc4 g5 18. Bg3 cxd5 19. exd5 e4 20. Bxb8 Rxb8 21. d6 Qe8 22. Nb5 Ncd7 23. Nc7 Qc8 24. Rac1 Kh8 25. Nd4 Ne5 26. Qc3 Rg8 27. Nc6 Nf3+ 28. gxf3 Qf5 29. fxe4 Qf4 30. Nd5 1-0

[Event "TUR-chT Superleague 2018"]
[Site "Ankara"]
[Date "2018.07.27"]
[Round "3"]
[White "Dastan, Muhammed Batuhan"]
[Black "Soysal, Serkan"]
[Result "1/2-1/2"]
[ECO "D02"]
[WhiteElo "2552"]
[BlackElo "2406"]
[Annotator "ChessBase"]
[PlyCount "223"]
[EventDate "2018.07.25"]
[EventType "team-tourn"]
[EventCountry "TUR"]
[SourceTitle "playchess.com"]
[Source "ChessBase"]
[SourceQuality "1"]
[TimeControl "40/5400+30:1800+30"]

1. d4 Nf6 2. Nf3 d5 3. Bf4 e6 4. e3 Bd6 5. Bg3 O-O 6. Nbd2 b6 7. Ne5 Bb7 8. Bh4 Be7 9. f4 Ne4 10. Bxe7 Qxe7 11. Nxe4 dxe4 12. Qd2 f6 13. Ng4 c5 14. dxc5 Rd8 15. Qc3 Qxc5 16. Qxc5 bxc5 17. Nf2 Nd7 18. O-O-O Nb6 19. c4 f5 20. Be2 Kf7 21. Rhg1 Rxd1+ 22. Kxd1 a5 23. Kd2 Ba6 24. Rc1 Rd8+ 25. Kc3 Na4+ 26. Kc2 Nb6 27. b3 Nc8 28. Nd1 g6 29. Nc3 Nb6 30. g4 h6 31. Rg1 Kf6 32. h4 Bb7 33. a3 Bc6 34. Rb1 fxg4 35. Bxg4 Rd3 36. Rd1 Rxd1 37. Nxd1 e5 38. fxe5+ Kxe5 39. Kc3 h5 40. Bh3 Bd7 41. Bg2 Nc8 42. b4 axb4+ 43. axb4 cxb4+ 44. Kxb4 Nd6 45. Nf2 Be6 46. c5 Nf5 47. Bxe4 Nxe3 48. Bxg6 Ng2 49. Bxh5 Nxh4 50. Kb5 Nf5 51. Nd3+ Kd4 52. Nb4 Bd7+ 53. Kb6 Kc4 54. Na6 Ne7 55. Bf3 Nd5+ 56. Kb7 Kd4 57. Be2 Nb4 58. Kb6 Nd5+ 59. Ka5 Nc7 60. Nb8 Kxc5 61. Nxd7+ Kd6 62. Nb8 Kc5 63. Bf3 Kd6 64. Kb4 Nd5+ 65. Kc4 Nb6+ 66. Kd4 Nd7 67. Nc6 Nf6 68. Ne5 Ke6 69. Nc4 Kf5 70. Ne3+ Ke6 71. Bg2 Kd6 72. Nc4+ Ke6 73. Bh3+ Ke7 74. Ne3 Kd6 75. Bc8 Kc7 76. Be6 Kd6 77. Bc4 Kc6 78. Nf5 Kd7 79. Bf7 Kc6 80. Be6 Kc7 81. Bb3 Kd7 82. Ke5 Ng4+ 83. Ke4 Nf6+ 84. Kd4 Kc7 85. Ba4 Nd7 86. Bb5 Nf6 87. Ke5 Nd7+ 88. Ke6 Nc5+ 89. Kd5 Nd7 90. Nd6 Nb6+ 91. Ke6 Nc8 92. Nc4 Na7 93. Ba4 Nc6 94. Kd5 Nb4+ 95. Kd4 Nc6+ 96. Kc5 Nd8 97. Kd5 Nb7 98. Be8 Kd8 99. Bh5 Kc7 100. Bg4 Nd8 101. Ne5 Nb7 102. Nc6 Kb6 103. Ne7 Na5 104. Be2 Kc7 105. Bb5 Nb7 106. Nf5 Kb6 107. Be8 Nd8 108. Nd6 Nb7 109. Nb5 Nd8 110. Nc3 Nb7 111. Kd4 Kc7 112. Nd5+ 1/2-1/2

[Event "TUR-chT Superleague 2018"]
[Site "Ankara"]
[Date "2018.07.27"]
[Round "3"]
[White "Nihal Sarin"]
[Black "Zubov, Alexander"]
[Result "1/2-1/2"]
[ECO "A35"]
[WhiteElo "2551"]
[BlackElo "2611"]
[Annotator "ChessBase"]
[PlyCount "64"]
[EventDate "2018.07.25"]
[EventType "team-tourn"]
[EventCountry "TUR"]
[SourceTitle "playchess.com"]
[Source "ChessBase"]
[SourceQuality "1"]
[TimeControl "40/5400+30:1800+30"]

1. Nf3 c5 2. c4 Nc6 3. Nc3 Nd4 4. e3 Nxf3+ 5. Qxf3 g6 6. d4 Bg7 7. dxc5 Qa5 8. Bd2 Qxc5 9. Bd3 Nf6 10. O-O O-O 11. Rac1 d6 12. h3 Be6 13. e4 Nd7 14. Qe2 Ne5 15. Be3 Qb4 16. b3 Nf3+ 17. Qxf3 Bxc3 18. Qg3 Bg7 19. c5 Rac8 20. Bc4 dxc5 21. Bxe6 fxe6 22. Qg4 Qb6 23. b4 Bd4 24. bxc5 Bxc5 25. Rxc5 Rxc5 26. Bxc5 Qxc5 27. Qxe6+ Kg7 28. Qd7 b5 29. Kh1 Rxf2 30. Rxf2 Qxf2 31. Qxe7+ Kh6 32. e5 Qf1+ 1/2-1/2

[Event "TUR-chT Superleague 2018"]
[Site "Ankara"]
[Date "2018.07.27"]
[Round "3"]
[White "Tukhaev, Adam"]
[Black "Mchedlishvili, Mikheil"]
[Result "0-1"]
[ECO "B13"]
[WhiteElo "2542"]
[BlackElo "2608"]
[Annotator "ChessBase"]
[PlyCount "88"]
[EventDate "2018.07.25"]
[EventType "team-tourn"]
[EventCountry "TUR"]
[SourceTitle "playchess.com"]
[Source "ChessBase"]
[SourceQuality "1"]
[TimeControl "40/5400+30:1800+30"]

1. e4 c6 2. d4 d5 3. exd5 cxd5 4. Bd3 Nf6 5. c3 Bg4 6. Qb3 Qc7 7. h3 Bh5 8. g4 Bg6 9. Bxg6 hxg6 10. g5 Nfd7 11. Qxd5 e5 12. Ne2 Nc6 13. Be3 Nb6 14. Qe4 O-O-O 15. Nd2 f5 16. gxf6 gxf6 17. Qxg6 exd4 18. cxd4 Nd5 19. Rc1 Kb8 20. Qg3 Bd6 21. Qf3 Qf7 22. Ne4 Bc7 23. a3 Rhe8 24. N4c3 Nxe3 25. fxe3 Qb3 26. Kf2 f5 27. Rhd1 Rd7 28. Rd2 Ne5 29. Qh5 Red8 30. Nf4 Nc4 31. Re2 Nxe3 32. Ng2 Nc4 33. Qf3 Rxd4 34. Kg1 Qb6 35. Qf2 Qd6 36. Ne1 Rg8+ 37. Kh1 Rf4 38. Nf3 Qh6 39. Rg1 Qxh3+ 40. Nh2 Rh8 41. Qe1 Qxh2+ 42. Rxh2 Rxh2+ 43. Kxh2 Rf2+ 44. Kh3 Rh2# 0-1

[Event "TUR-chT Superleague 2018"]
[Site "Ankara"]
[Date "2018.07.27"]
[Round "3"]
[White "Muzychuk, Mariya"]
[Black "Savina, Anastasia"]
[Result "1-0"]
[ECO "C50"]
[WhiteElo "2521"]
[BlackElo "2342"]
[Annotator "ChessBase"]
[PlyCount "65"]
[EventDate "2018.07.25"]
[EventType "team-tourn"]
[EventCountry "TUR"]
[SourceTitle "playchess.com"]
[Source "ChessBase"]
[SourceQuality "1"]
[TimeControl "40/5400+30:1800+30"]

1. e4 e5 2. Nf3 Nc6 3. Bc4 Bc5 4. O-O Nf6 5. d3 O-O 6. a4 a6 7. c3 Ba7 8. Nbd2 d6 9. Bb3 h6 10. Nc4 Bg4 11. Ne3 Bh5 12. h3 Kh8 13. g4 Bg6 14. Nh4 Bh7 15. Nhf5 Ne7 16. Qf3 Nfg8 17. Kh2 c6 18. Rg1 f6 19. Be6 g6 20. Nf1 d5 21. Nxh6 Nxh6 22. Bxh6 Qd6 23. Bxf8 Rxf8 24. Bf5 c5 25. Ne3 c4 26. Rad1 gxf5 27. gxf5 cxd3 28. Rxd3 d4 29. Qh5 Qc7 30. Qh6 Rf7 31. Nd5 Nxd5 32. Rdg3 Ne7 33. Rg7 1-0

[Event "TUR-chT Superleague 2018"]
[Site "Ankara"]
[Date "2018.07.27"]
[Round "3"]
[White "Benidze, Davit"]
[Black "Can, Emre"]
[Result "1/2-1/2"]
[ECO "D02"]
[WhiteElo "2487"]
[BlackElo "2605"]
[Annotator "ChessBase"]
[PlyCount "31"]
[EventDate "2018.07.25"]
[EventType "team-tourn"]
[EventCountry "TUR"]
[SourceTitle "playchess.com"]
[Source "ChessBase"]
[SourceQuality "1"]
[TimeControl "40/5400+30:1800+30"]

1. Nf3 d5 2. g3 g6 3. Bg2 Bg7 4. d4 Nf6 5. O-O c6 6. b3 O-O 7. Bb2 Bf5 8. Nh4 Be6 9. Nd2 a5 10. a4 Na6 11. Re1 Re8 12. Nhf3 Bf5 13. Nh4 Be6 14. Nhf3 Bf5 15. Nh4 Be6 16. Nhf3 1/2-1/2

[Event "TUR-chT Superleague 2018"]
[Site "Ankara"]
[Date "2018.07.27"]
[Round "3"]
[White "Atalik, Ekaterina"]
[Black "Injac, Teodora"]
[Result "1/2-1/2"]
[ECO "A49"]
[WhiteElo "2461"]
[BlackElo "2302"]
[Annotator "ChessBase"]
[PlyCount "62"]
[EventDate "2018.07.25"]
[EventType "team-tourn"]
[EventCountry "TUR"]
[SourceTitle "playchess.com"]
[Source "ChessBase"]
[SourceQuality "1"]
[TimeControl "40/5400+30:1800+30"]

1. d4 Nf6 2. Nf3 g6 3. g3 Bg7 4. Bg2 O-O 5. O-O d6 6. Nbd2 Nbd7 7. e4 e5 8. dxe5 dxe5 9. b3 Qe7 10. Bb2 b6 11. Re1 Bb7 12. Qe2 Rad8 13. Rad1 Rfe8 14. Qc4 c6 15. a4 a6 16. Qe2 b5 17. Ra1 Qc5 18. Nf1 Qb6 19. N3d2 Bf8 20. Ne3 Bc5 21. Ndf1 Bd4 22. c3 Bxe3 23. Nxe3 Nc5 24. Qc2 Nd3 25. Red1 Nxb2 26. Rxd8 Rxd8 27. Qxb2 Rd3 28. Qc2 Rd8 29. Qb2 Rd3 30. Qc2 Rd8 31. Qb2 Rd3 1/2-1/2

[Event "TUR-chT Superleague 2018"]
[Site "Ankara"]
[Date "2018.07.27"]
[Round "3"]
[White "Shuvalova, Polina"]
[Black "Ayan, Bengu Sena"]
[Result "1-0"]
[ECO "C04"]
[WhiteElo "2417"]
[BlackElo "1787"]
[Annotator "NA"]
[PlyCount "87"]
[EventDate "2018.07.25"]
[EventType "team-tourn"]
[EventCountry "TUR"]
[SourceTitle "playchess.com"]
[Source "ChessBase"]
[SourceQuality "1"]
[TimeControl "40/5400+30:1800+30"]

1. e4 e6 2. d4 d5 3. Nd2 Nc6 4. Ngf3 Nf6 5. e5 Nd7 6. Bd3 f6 7. exf6 Qxf6 8. O-O Bd6 9. Nb3 O-O 10. Bg5 Qf7 11. Bh4 Qh5 12. Bg3 e5 13. Be2 e4 14. Ne5 Qe8 15. c4 Ncxe5 16. dxe5 Bxe5 17. Qxd5+ Kh8 18. Rad1 c6 19. Qd2 Nf6 20. Bxe5 Qxe5 21. Qd4 Qc7 22. h3 Bf5 23. Qd6 Qf7 24. Nd4 Rad8 25. Qa3 Bg6 26. Qc5 Rc8 27. b3 b6 28. Qe5 Rfe8 29. Qf4 Qc7 30. Qg5 Re5 31. Qe3 a6 32. Rd2 c5 33. Nc2 Re7 34. Rfd1 Rd7 35. Rxd7 Nxd7 36. Bg4 Rd8 37. Qd2 Be8 38. Qd5 Rb8 39. Bxd7 Rd8 40. Qe6 Bxd7 41. Qe7 Qc8 42. Ne3 g6 43. Rd5 b5 44. Ng4 1-0

[Event "TUR-chT Superleague 2018"]
[Site "Ankara"]
[Date "2018.07.27"]
[Round "3"]
[White "Erdogdu, Aziz Mert"]
[Black "Soylu, Suat"]
[Result "1-0"]
[ECO "A34"]
[WhiteElo "2411"]
[BlackElo "2339"]
[Annotator "NA RC"]
[PlyCount "57"]
[EventDate "2018.07.25"]
[EventType "team-tourn"]
[EventCountry "TUR"]
[SourceTitle "playchess.com"]
[Source "ChessBase"]
[SourceQuality "1"]
[TimeControl "40/5400+30:1800+30"]

1. c4 c5 2. Nc3 Nc6 3. Nf3 e5 4. e3 Nf6 5. d4 exd4 6. exd4 d5 7. Be3 Be6 8. dxc5 Qa5 9. Nd2 Rd8 10. cxd5 Nxd5 11. Nxd5 Bxd5 12. Qc2 Be7 13. a3 O-O 14. O-O-O Ne5 15. Nc4 Nxc4 16. Bxc4 Bxg2 17. Rhg1 Rxd1+ 18. Qxd1 Be4 19. Rxg7+ Kxg7 20. Qd4+ Bf6 21. Qxe4 Qc7 22. h4 Qe5 23. Qxb7 Rb8 24. Qxf7+ Kh8 25. Kd1 Qxb2 26. c6 Rd8+ 27. Bd5 Qe5 28. c7 Rc8 29. Be6 1-0

[Event "TUR-chT Superleague 2018"]
[Site "Ankara"]
[Date "2018.07.27"]
[Round "3"]
[White "Badelka, Olga"]
[Black "Yildiz Kadioglu, Betul Cemre"]
[Result "1-0"]
[ECO "A11"]
[WhiteElo "2407"]
[BlackElo "2323"]
[Annotator "NA"]
[PlyCount "127"]
[EventDate "2018.07.25"]
[EventType "team-tourn"]
[EventCountry "TUR"]
[SourceTitle "playchess.com"]
[Source "ChessBase"]
[SourceQuality "1"]
[TimeControl "40/5400+30:1800+30"]

1. c4 e6 2. Nf3 d5 3. b3 Nf6 4. Bb2 Nbd7 5. e3 c6 6. Nc3 Bd6 7. Qc2 Qe7 8. Be2 Ba3 9. Bxa3 Qxa3 10. O-O O-O 11. d4 Qe7 12. Rad1 b6 13. e4 dxe4 14. Nxe4 Nxe4 15. Qxe4 Bb7 16. Ne5 Nxe5 17. Qxe5 Qf6 18. Qxf6 gxf6 19. f4 Rfd8 20. f5 e5 21. dxe5 fxe5 22. f6 c5 23. Rf5 Rxd1+ 24. Bxd1 Re8 25. Rg5+ Kf8 26. Bg4 Bc8 27. Bxc8 Rxc8 28. Rxe5 Rc6 29. Rf5 Rd6 30. g4 h6 31. Kg2 Kg8 32. h4 Kh7 33. h5 Rd2+ 34. Rf2 Rd6 35. Kg3 Re6 36. Rf5 Rd6 37. Kh4 Re6 38. g5 hxg5+ 39. Kxg5 Re2 40. Rd5 Rg2+ 41. Kh4 Rf2 42. Rd7 Rxf6 43. Rxa7 Kh6 44. Rb7 Rf4+ 45. Kg3 Rf1 46. Rxb6+ Kxh5 47. Rb5 f5 48. Rxc5 Kg5 49. b4 Rc1 50. b5 Rc3+ 51. Kf2 Rc2+ 52. Kf3 Rb2 53. Rc8 Rxa2 54. Rg8+ Kf6 55. b6 Rb2 56. c5 Ke5 57. c6 Rb3+ 58. Ke2 Rb2+ 59. Kf3 Rb3+ 60. Kg2 Rb2+ 61. Kh3 Rb3+ 62. Kh4 Rxb6 63. c7 Kf4 64. Kh5 1-0

[Event "TUR-chT Superleague 2018"]
[Site "Ankara"]
[Date "2018.07.27"]
[Round "3"]
[White "Erturan, Yakup"]
[Black "Koksal, Ege"]
[Result "1/2-1/2"]
[ECO "A13"]
[WhiteElo "2378"]
[BlackElo "2378"]
[Annotator "NA"]
[PlyCount "61"]
[EventDate "2018.07.25"]
[EventType "team-tourn"]
[EventCountry "TUR"]
[SourceTitle "playchess.com"]
[Source "ChessBase"]
[SourceQuality "1"]
[TimeControl "40/5400+30:1800+30"]

1. c4 Nf6 2. Nf3 e6 3. g3 d5 4. Bg2 Nbd7 5. Qc2 dxc4 6. Qxc4 c5 7. O-O a6 8. d3 b5 9. Qb3 Bb7 10. a4 Bd5 11. Qc2 Be7 12. Nc3 Bc6 13. Nd2 Bxg2 14. Kxg2 O-O 15. Nde4 Qb6 16. Nxf6+ Nxf6 17. Bg5 c4 18. axb5 axb5 19. Bxf6 Bxf6 20. Ne4 Qd4 21. Nxf6+ Qxf6 22. Rxa8 Rxa8 23. dxc4 bxc4 24. Qxc4 Qxb2 25. Rc1 h6 26. Rc2 Qb7+ 27. Qc6 Qxc6+ 28. Rxc6 Kh7 29. h4 Kg6 30. Kf3 Ra3+ 31. e3 1/2-1/2

[Event "TUR-chT Superleague 2018"]
[Site "Ankara"]
[Date "2018.07.27"]
[Round "3"]
[White "Kerigan, Demre"]
[Black "Yilmazyerli, Mert"]
[Result "1-0"]
[ECO "B23"]
[WhiteElo "2366"]
[BlackElo "2491"]
[Annotator "ChessBase"]
[PlyCount "77"]
[EventDate "2018.07.25"]
[EventType "team-tourn"]
[EventCountry "TUR"]
[SourceTitle "playchess.com"]
[Source "ChessBase"]
[SourceQuality "1"]
[TimeControl "40/5400+30:1800+30"]

1. e4 c5 2. Nc3 g6 3. d4 cxd4 4. Qxd4 Nf6 5. Bb5 Nc6 6. Bxc6 dxc6 7. Qxd8+ Kxd8 8. Bf4 Be6 9. Nf3 Ke8 10. Nd4 Bc4 11. b3 Ba6 12. e5 Nd5 13. Nxd5 cxd5 14. e6 Bg7 15. O-O-O Bxd4 16. exf7+ Kxf7 17. Rxd4 e6 18. h4 Ke7 19. Re1 Kf7 20. Bd6 Rhe8 21. Rf4+ Kg8 22. h5 Rad8 23. Be5 Rf8 24. hxg6 Rxf4 25. gxh7+ Kxh7 26. Bxf4 Re8 27. Kd2 Kg6 28. g4 Bb5 29. Be5 Bd7 30. f4 a6 31. Rh1 Re7 32. Rh8 Rh7 33. Rf8 Rf7 34. Rg8+ Kh7 35. Rb8 Bc6 36. g5 Re7 37. Rh8+ Kg6 38. Rh6+ Kf5 39. g6 1-0

[Event "TUR-chT Superleague 2018"]
[Site "Ankara"]
[Date "2018.07.27"]
[Round "3"]
[White "Unuk, Laura"]
[Black "Mammadzada, Gunay"]
[Result "1/2-1/2"]
[ECO "D15"]
[WhiteElo "2355"]
[BlackElo "2426"]
[Annotator "NA"]
[PlyCount "135"]
[EventDate "2018.07.25"]
[EventType "team-tourn"]
[EventCountry "TUR"]
[SourceTitle "playchess.com"]
[Source "ChessBase"]
[SourceQuality "1"]
[TimeControl "40/5400+30:1800+30"]

1. d4 d5 2. c4 c6 3. Nf3 Nf6 4. Nc3 a6 5. e3 Bf5 6. Be2 h6 7. Qb3 Ra7 8. cxd5 cxd5 9. Bd2 e6 10. Ne5 Nbd7 11. Nxd7 Nxd7 12. f3 Bd6 13. g3 O-O 14. e4 dxe4 15. fxe4 Bg6 16. Be3 b5 17. Bf3 Nb6 18. Rd1 Nc4 19. Bf2 Rc7 20. a3 Qc8 21. Ne2 f6 22. O-O Bf7 23. Nc1 e5 24. d5 Na5 25. Qd3 Nc4 26. Qe2 Bc5 27. Bxc5 Rxc5 28. Nd3 Rc7 29. Rc1 Qb8 30. Qf2 h5 31. Nc5 Qb6 32. b4 a5 33. Nb3 Qxf2+ 34. Rxf2 axb4 35. axb4 Ra7 36. Nc5 Rfa8 37. Rfc2 Bg6 38. Kf2 Nd6 39. Ke3 Ra3+ 40. Kf2 f5 41. Re2 fxe4 42. Bxe4 Nxe4+ 43. Nxe4 Rf8+ 44. Kg1 Rd3 45. Ng5 Rxd5 46. Ne6 Re8 47. Nc7 Rc8 48. Rc6 Rd1+ 49. Kg2 Bd3 50. Rxe5 Bf1+ 51. Kf2 Rf8+ 52. Ke3 Rd3+ 53. Ke4 Rb3 54. Nd5 Bg2+ 55. Kd4 Rd8 56. Rxh5 Rxb4+ 57. Kc5 Rb2 58. Ne7+ Kf7 59. Nd5 Bxd5 60. Rxd5 Rxd5+ 61. Kxd5 Rxh2 62. Rb6 Rb2 63. Ke5 b4 64. Kf5 Rf2+ 65. Kg5 Rf3 66. Rxb4 Rxg3+ 67. Kf4 Rc3 68. Ke4 1/2-1/2

[Event "TUR-chT Superleague 2018"]
[Site "Ankara"]
[Date "2018.07.27"]
[Round "3"]
[White "Mamedjarova, Zeinab"]
[Black "Buksa, Nataliya"]
[Result "1-0"]
[ECO "E14"]
[WhiteElo "2345"]
[BlackElo "2337"]
[Annotator "NA"]
[PlyCount "103"]
[EventDate "2018.07.25"]
[EventType "team-tourn"]
[EventCountry "TUR"]
[SourceTitle "playchess.com"]
[Source "ChessBase"]
[SourceQuality "1"]
[TimeControl "40/5400+30:1800+30"]

1. d4 d5 2. Nf3 Nf6 3. c4 e6 4. e3 b6 5. cxd5 exd5 6. Bd3 Be7 7. Ne5 O-O 8. O-O c5 9. b3 Ba6 10. Bb2 Qc7 11. dxc5 bxc5 12. Bxa6 Nxa6 13. Nd2 Rfd8 14. Rc1 Rac8 15. f4 Qb7 16. Qe2 Nb4 17. Rf3 Nxa2 18. Ra1 Nb4 19. Rh3 d4 20. e4 Nc2 21. Qc4 Nd5 22. Qxc2 Nxf4 23. Rf3 Bf6 24. Ng4 Bg5 25. h4 Ne2+ 26. Kf2 d3 27. Qd1 Bxh4+ 28. g3 Bg5 29. Ne5 Bxd2 30. Qxd2 Qxe4 31. Nxf7 Nd4 32. Rf4 Qe2+ 33. Qxe2 Nxe2 34. Nxd8 Nxf4 35. gxf4 Rxd8 36. Bc3 Rb8 37. Ra3 Rd8 38. Ke3 Rd7 39. Ra5 Rb7 40. Kxd3 Rxb3 41. Rxa7 g6 42. Rg7+ Kf8 43. Rxh7 Rb1 44. Rc7 Rg1 45. Bf6 Rc1 46. Ke4 Re1+ 47. Kd5 Ke8 48. Rg7 c4 49. Be5 Kf8 50. Rc7 g5 51. Ke6 Kg8 52. f5 1-0